 Dungeon Crawl Stone Soup version 0.30-a0-953-g5f1da4a474 (webtiles) character file.

Game seed: 4402809279109427943

35889 jasper the Fighter (level 13, -14/109 HPs)
             Began as a Demonspawn Cinder Acolyte on Mar 28, 2023.
             Was a Priest of Ignis.
             Killed from afar by an acid blob (33 damage)
             ... with a splash of acid
             ... on level 1 of the Pits of Slime.
             The game lasted 00:27:52 (18646 turns).

jasper the Fighter (Demonspawn Cinder Acolyte)     Turns: 18646, Time: 00:27:53

Health: -14/109    AC: 28    Str: 18    XL:     13   Next: 50%
Magic:  14/14      EV:  5    Int: 16    God:    Ignis [***...]
Gold:   1087       SH: 19    Dex: 10    Spells: 14/14 levels left

rFire   + + .      SeeInvis .      - Unarmed
rCold   . . .      Faith    .    G - +0 kite shield
rNeg    . . .      Spirit   .    C - +2 plate armour {Will+}
rPois   .          Reflect  +    (helmet restricted)
rElec   .          Rampage  .    m - +0 cloak
rCorr   .                        d - +0 pair of gloves
Will    +....                    (no boots) Stlth
                                 n - amulet of reflection
HPRegen 0.38/turn                r - +4 ring of protection
MPRegen 0.14/turn                o - ring of protection from fire

@: no status effects
A: hooves 2, horns 2, icemail 1, spiny 2, condensation shield, weakness stinger
2
a: Renounce Religion, Fiery Armour, Foxfire Swarm, Rising Flame


You were on level 1 of the Pits of Slime.
You worshipped Ignis.
Ignis was most pleased with you.
You visited 4 branches of the dungeon, and saw 19 of its levels.

You collected 1139 gold pieces.
You spent 52 gold pieces at shops.

Inventory:

Hand Weapons
 a - a +0 falchion of flaming
 U - the +8 whip "Snakebite" {venom, curare, rPois}
   (You found it on level 4 of the Lair of Beasts)

   rPois:     It protects you from poison.
Missiles
 p - 11 poisoned darts (quivered)
 y - 8 throwing nets
 F - 16 javelins
Armour
 d - a +0 pair of gloves (worn)
 k - a +1 scale mail of fire resistance
 m - a +0 cloak (worn)
 C - a +2 plate armour of willpower (worn)
 G - a +0 kite shield (worn)
 R - a scarf of harm
Jewellery
 n - an amulet of reflection (around neck)
 o - a ring of protection from fire (right hand)
 r - a +4 ring of protection (left hand)
 D - a ring of protection from fire
 N - an amulet of magic regeneration
 O - a ring of protection from fire
 Q - a ring of resist corrosion
Wands
 t - a wand of acid (5)
 A - a wand of polymorph (6)
 L - a wand of digging (5)
 V - a wand of iceblast (4)
Scrolls
 v - 2 scrolls of fog
 w - 3 scrolls of amnesia
 K - 4 scrolls of immolation
 M - 6 scrolls of teleportation
 P - a scroll of enchant armour
 S - a scroll of identify
Potions
 e - 2 potions of might
 f - 4 potions of brilliance
 g - 3 potions of curing
 h - 3 potions of mutation
 i - 5 potions of flight
 j - 5 potions of lignification
 l - 2 potions of cancellation
 x - 2 potions of magic
 z - a potion of haste
 E - 2 potions of resistance
 H - a potion of heal wounds
 I - a potion of attraction


   Skills:
 + Level 12.5 Fighting
 - Level 3.2 Long Blades
 + Level 11.1 Armour
 + Level 9.9 Shields
 + Level 11.2 Unarmed Combat
 - Level 1.0 Spellcasting
 - Level 2.6 Fire Magic


You had 14 spell levels left.
You didn't know any spells.
Your spell library contained the following spells:

 Spells                   Type           Power      Damage    Failure   Level
 Scorch                   Fire           18%        2d5       99%         2
 Apportation              Tloc           0%         N/A       100%        1
 Freeze                   Ice            0%         1d3       100%        1
 Necrotise                Necr           0%         1d4       100%        1
 Sting                    Tmut/Pois      0%         1d3       100%        1
 Summon Small Mammal      Summ           0%         N/A       100%        1
 Cigotuvi's Dreadful Rot  Necr/Pois/Air  0%         N/A       100%        2
 Lesser Beckoning         Tloc           0%         N/A       100%        2
 Call Canine Familiar     Summ           0%         N/A       100%        3
 Dazzling Flash           Conj/Hex       0%         N/A       100%        3
 Frozen Ramparts          Ice            0%         1d1       100%        3
 Gell's Gravitas          Tloc           0%         N/A       100%        3
 Hailstorm                Conj/Ice       0%         3d3       100%        3
 Ignite Poison            Fire/Tmut/Pois 3%         N/A       100%        3
 Kindle Blastsparks       Fire/Tloc/Air  6%         2d10      100%        3
 Ozocubu's Armour         Ice            0%         N/A       100%        3
 Summon Guardian Golem    Hex/Summ       0%         N/A       100%        3
 Teleport Other           Tloc           0%         N/A       100%        3
 Dispel Undead            Necr           0%         3d6       100%        4
 Iskenderun's Mystic Bla  Conj/Tloc      0%         2d3       100%        4
 Freezing Cloud           Conj/Ice/Air   0%         6-21      100%        5
 Metabolic Englaciation   Hex/Ice        0%         N/A       100%        5
 Death Channel            Necr           0%         N/A       100%        6
 Simulacrum               Ice/Necr       0%         N/A       100%        6
 Starburst                Conj/Fire      2%         6d3       100%        6


Dungeon Overview and Level Annotations

Branches:
Dungeon (11/15)            Temple (1/1) D:7            Lair (5/5) D:10
 Shoals (0/4) Lair:2       Spider (0/4) Lair:3        Slime (2/5) Lair:5
    Orc: D:9-12

Altars:
Ashenzari
Cheibriados
Dithmenos
Fedhas
Gozag
Hepliaklqana
Kikubaaqudgha
Makhleb
Nemelex Xobeh
Okawaru
Qazlal
Ru
Sif Muna
Trog
Uskayaw
Vehumet
Wu Jian
Xom
Yredelemnul

Shops:
D:6 *   D:10 (

Annotations:
D:3 2 transporters
D:11 Amaemon
Lair:3 Rupert


Innate Abilities, Weirdness & Mutations

You have hoof-like feet.
You have a pair of horns on your head.
A meltable icy envelope protects you from harm. (AC +4)
You are mostly covered in sharp spines.
A meltable shield of frost defends you. (SH +4)
You have a tail ending in a sharp stinger.


Message History

MP restored: 14 You start resting.
HP restored.
Health restored: 109 You climb downwards.
Welcome back to the Pits of Slime!
This branch is unnaturally silent: sounds travel farther here.
This branch contains the slimy rune of Zot.
There is a staircase back to the Lair here.
Acid dripping from the walls corrodes you.
Unknown command.
You start waiting.
An acid blob comes into view.
Found a stone staircase leading down.
The acid blob quivers.
The acid blob spits acid at you. The splash of acid hits you!!
The acid corrodes you!
A slime creature comes into view.
The slime creature quivers.
You take 26 damage, and have 83/109 hp.
MASSIVE DAMAGE!!
The acid blob spits acid at you. The splash of acid hits you!
You take 10 damage, and have 73/109 hp.
Acid dripping from the walls corrodes you.
An azure jelly comes into view.
Unknown command.
The acid blob spits acid at you. The splash of acid hits you!!
You take 31 damage, and have 42/109 hp.
MASSIVE DAMAGE!!
The acid blob spits acid at you. The splash of acid hits you!!
* * * LOW HITPOINT WARNING * * *
You take 27 damage, and have 18/109 hp.
MASSIVE DAMAGE!!
You are no longer corroded.
The acid blob spits acid at you. The splash of acid hits you.
* * * LOW HITPOINT WARNING * * *
You take 2 damage, and have 18/109 hp.
There is a staircase back to the Lair here.
The acid blob spits acid at you. The splash of acid hits you!!
You die...

##.## ##J## ######
##.####..#.## ##.##......###
##.....#,,..## ##*
###......#*,...###.#*
##.##....#####.##*...##
#.........##....#*#.#.##
#####......@.......#*##....#
##.##...#.#.........###....##
##....................###....#
##............................#
#................>.............
##..#..............##.........#
#####.##...#.##..####.##.#.###
############## ########


You could see an acid blob.

Vanquished Creatures
  A quicksilver ooze (Lair:5)
  2 hydras
  A catoblepas (Lair:5)
  5 death yaks (Lair:5)
  Urug (Lair:2)
  A skyshark (Lair:2)
  A pharaoh ant (Lair:3)
  A lindwurm (Lair:5)
  2 harpies (Lair:2)
  4 elephants
  5 black mambas
  A torpor snail (Lair:4)
  9 cane toads
  5 rime drakes
  6 komodo dragons
  2 polar bears (Lair:2)
  A hornet (D:9)
  Grinder (D:6)
  2 tarantellas (Lair:3)
  14 blink frogs
  10 slime creatures
  A fire bat (Lair:1)
  2 vampires (D:10)
  32 yaks
  3 wyverns
  A steam dragon (D:9)
  2 basilisks
  Eustachio (D:5)
  A redback (Lair:3)
  Edmund (D:5)
  18 water moccasins
  2 black bears (D:9)
  7 orc warriors
  8 wolves
  A phantom (D:6)
  4 kobold brigands
  9 bullfrogs
  3 gnoll sergeants
  4 scorpions
  9 wights
  11 killer bees
  An electric eel (Lair:1)
  A howler monkey (D:6)
  4 hounds
  4 orc priests
  Crazy Yiuf (D:6)
  5 jellies
  3 gnoll boudas
  5 iguanas
  5 sleepcaps
  9 orc wizards
  2 hell rats (Lair:1)
  Robin (D:3)
  21 gnolls
  9 adders
  6 river rats (Lair:1)
  A shadow imp (D:7)
  4 white imps
  2 ufetubi
  A worm (D:4)
  A dart slug (D:2)
  50 orcs
  A ball python (D:1)
  5 bats
  6 endoplasms
  2 giant cockroaches
  11 goblins
  12 hobgoblins
  4 jackals (D:4)
  A quokka (D:3)
  5 frilled lizards
  23 kobolds
  7 rats
408 creatures vanquished.

Vanquished Creatures (others)
  36 foxfires
  57 fungi
  65 plants
158 creatures vanquished.

Grand Total: 566 creatures vanquished

Notes
Turn   | Place    | Note
-------+----------+-------------------------------------------
     0 | D:1      | jasper the Demonspawn Cinder Acolyte began the quest for
                  | the Orb.
     0 | D:1      | Reached XP level 1. HP: 18/18 MP: 2/2
   192 | D:1      | Discovered your monstrous ancestry.
   192 | D:1      | Gained mutation: You have a pair of small horns on your
                  | head. [demonic ancestry]
   192 | D:1      | Reached XP level 2. HP: 24/24 MP: 3/3
   574 | D:1      | Reached skill level 1 in Unarmed Combat
  1458 | D:2      | Found a faded altar of an unknown god.
  1462 | D:2      | Got Plato's Lessons on Teratogeny
  1492 | D:2      | Gained mutation: You are partially covered in sharp spines.
                  | [demonic ancestry]
  1492 | D:2      | Reached XP level 3. HP: 24/29 MP: 4/4
  1630 | D:3      | Found a transporter.
  1673 | D:3      | Reached skill level 1 in Armour
  1680 | D:3      | Gained mutation: A meltable shield of frost defends you.
                  | (SH +4) [demonic ancestry]
  1680 | D:3      | Reached XP level 4. HP: 18/35 MP: 5/5
  1938 | D:3      | Noticed Robin
  1957 | D:3      | Killed Robin
  2084 | D:3      | Found a transporter.
  2091 | D:3      | Noticed a scorpion
  2112 | D:3      | Noticed a phantom
  2116 | D:3      | Found a stormy altar of Qazlal.
  2117 | D:3      | Found a shimmering blue altar of Sif Muna.
  2118 | D:3      | Found a shimmering altar of Xom.
  2216 | D:4      | Reached XP level 5. HP: 40/42 MP: 6/6
  2238 | D:4      | Reached skill level 4 in Fighting
  3276 | D:5      | Entered Level 5 of the Dungeon
  3395 | D:5      | Gained mutation: You have large cloven feet. [demonic
                  | ancestry]
  3395 | D:5      | Reached XP level 6. HP: 48/48 MP: 7/7
  3710 | D:5      | Gained mutation: You have a small tail. [demonic ancestry]
  3710 | D:5      | Reached XP level 7. HP: 55/55 MP: 8/8
  3782 | D:5      | Reached skill level 5 in Fighting
  3937 | D:5      | Noticed Edmund
  3986 | D:5      | Killed Edmund
  4118 | D:5      | Noticed Eustachio
  4131 | D:5      | Killed Eustachio
  4247 | D:5      | Gained mutation: You have hoof-like feet. [demonic
                  | ancestry]
  4247 | D:5      | Reached XP level 8. HP: 30/64 MP: 9/9
  4253 | D:5      | Reached skill level 6 in Fighting
  4707 | D:6      | Found Qudiw's CLEARANCE SALE!.
  4719 | D:6      | Bought a potion of flight for 21 gold pieces
  4719 | D:6      | Bought a +0 chain mail for 31 gold pieces
  4770 | D:6      | Reached skill level 5 in Unarmed Combat
  4827 | D:6      | Reached skill level 5 in Armour
  4854 | D:6      | Noticed Grinder
  4866 | D:6      | Killed Grinder
  4867 | D:6      | Reached skill level 1 in Shields
  5937 | D:6      | Found a runed translucent door.
  5938 | D:6      | Noticed Crazy Yiuf
  5945 | D:6      | Killed Crazy Yiuf
  6514 | D:7      | Found a staircase to the Ecumenical Temple.
  6845 | D:7      | Reached skill level 7 in Fighting
  6934 | D:7      | Gained mutation: You have a tail ending in a sharp stinger.
                  | [demonic ancestry]
  6934 | D:7      | Reached XP level 9. HP: 67/72 MP: 10/10
  7117 | D:8      | a hornet changed into a rime drake
  7117 | D:8      | Noticed a rime drake
  7278 | D:8      | Killed a rime drake
  8577 | D:9      | Reached skill level 8 in Fighting
  8598 | D:9      | Gained mutation: You are mostly covered in sharp spines.
                  | [demonic ancestry]
  8598 | D:9      | Reached XP level 10. HP: 72/80 MP: 11/11
  8859 | D:9      | Found a bloodstained altar of Trog.
  8974 | D:9      | Paralysed by a hornet for 3 turns
  9184 | D:9      | Reached skill level 5 in Shields
  9478 | D:10     | Entered Level 10 of the Dungeon
  9558 | D:10     | Found an opulent altar of Gozag.
  9745 | D:10     | Found a staircase to the Lair.
 10026 | D:10     | Reached skill level 9 in Fighting
 10147 | D:10     | Found Vaklo's Weapon Shop.
 10419 | D:10     | Found an ancient bone altar of Kikubaaqudgha.
 10870 | D:11     | Noticed an orange demon
 10870 | D:11     | Noticed Amaemon
 10901 | Lair:1   | Entered Level 1 of the Lair of Beasts
 10901 | Lair:1   | Noticed Harold
 10903 | Lair:1   | Harold changed into Harold the fire bat
 10903 | Lair:1   | Noticed Harold
 10908 | Lair:1   | Killed Harold the fire bat
 10962 | Lair:1   | Reached XP level 11. HP: 89/89 MP: 12/12
 12269 | Lair:2   | Noticed Urug
 12298 | Lair:2   | Killed Urug
 12298 | Lair:2   | Noticed a harpy
 12299 | Lair:2   | Reached skill level 10 in Fighting
 12508 | Lair:2   | Identified the +6 flail of Usiehor {vamp, rElec rF+ Int-2
                  | Dex+2}
 12725 | Lair:2   | Identified the +0 ring mail of the Soldier {rPois Will+}
 12803 | Lair:2   | Noticed a skyshark
 12821 | Lair:2   | Killed a skyshark
 13027 | Lair:2   | Noticed a six-headed hydra
 13039 | Lair:2   | Killed a six-headed hydra
 13679 | Lair:2   | Noticed a harpy
 13680 | Lair:2   | Found a staircase to the Shoals.
 13686 | Lair:2   | Killed a harpy
 13687 | Lair:2   | Gained mutation: A meltable icy envelope protects you from
                  | harm. (AC +4) [demonic ancestry]
 13687 | Lair:2   | Reached XP level 12. HP: 75/99 MP: 13/13
 14196 | Lair:3   | Reached skill level 11 in Fighting
 14319 | Lair:3   | Found a hole to the Spider Nest.
 14324 | Lair:3   | Reached skill level 10 in Unarmed Combat
 14682 | Lair:3   | Noticed Rupert
 14741 | Lair:4   | Reached skill level 10 in Armour
 15340 | Lair:4   | Found the +8 whip "Snakebite" {venom, curare, rPois}
 15748 | Lair:4   | Identified the +9 trident of Demonkind {drain, *Rage rPois
                  | rC+ Int-3 Dex+9}
 16172 | Lair:5   | Entered Level 5 of the Lair of Beasts
 16290 | Lair:3   | Noticed a four-headed hydra
 16306 | Lair:3   | Killed a four-headed hydra
 16307 | Lair:3   | Gained mutation: You have a pair of horns on your head.
                  | [demonic ancestry]
 16307 | Lair:3   | Reached XP level 13. HP: 68/107 MP: 14/14
 16769 | Lair:3   | Paralysed by Rupert for 2 turns
 16913 | Temple   | Entered the Ecumenical Temple
 17318 | Lair:5   | Reached skill level 12 in Fighting
 17589 | Lair:5   | Found a staircase to the Slime Pits.
 17906 | Slime:1  | Entered Level 1 of the Pits of Slime
 18080 | Slime:2  | Noticed an acid blob
 18467 | Slime:1  | Noticed a quicksilver ooze
 18494 | Lair:5   | Killed a quicksilver ooze
 18623 | Slime:1  | Noticed an acid blob
 18626 | Slime:1  | Noticed an azure jelly
 18646 | Slime:1  | Killed from afar by an acid blob

Illustrated notes

Levels and vault maps discovered:
D:1:      lightli_arrival_isolated_outpost, layout_basic, minmay_distorted
D:2:      layout_basic, shapermc_ecumenical_altar_rom_forum,
          guppyfry_early_lair_pool
D:3:      layout_rooms, gammafunk_temple_overflow_arena, hellmonk_no_cap,
          uniq_robin
D:4:      layout_basic, corexii_item_surrounded_by_moat, minivault_23,
          kennysheep_generic_room_6
D:5:      layout_loops_corners, hangedman_abyss_or_decor_lesser_grid,
          hangedman_decor_opposing, chequers_serial_rivers_small_3,
          uniq_eustachio, uniq_edmund
D:6:      layout_layer_cave, chequers_garden, nicolae_shop_clearance,
          uniq_crazy_yiuf_cottage, uniq_grinder
D:7:      layout_cave_pods, minmay_temple_entry_statues_fountains
D:8:      layout_layer_cave, hangedman_abyss_or_decor_passed, dk_noncrumbling_3
D:9:      layout_long_grid, trog_ov_bears_minmay
D:10:     layout_basic, kiku_gazebo_pond_becter, elyvilon_altar_5,
          nicolae_gozag_cash_rules_everything_around_me,
          overflow_temple_1_default, due_lair_maze_entry_diamond, special_room
          [special_room_orc], serial_shops, nicolae_shop_bloodbath_and_beyond
D:11:     layout_basic, erik_orc_3, item_on_display_a, uniq_amaemon
Temple:   nicolae_temple_bog_church
Lair:1:   layout_layer_cave, minivault_19, kennysheep_abandoned_house,
          infiniplex_staircase_pool, grunt_megastairs_2, serial_bayou_shore_a,
          lemuel_fruit_tree, uniq_harold
Lair:2:   layout_cellular_growth, nicolae_shoals_entry_roost,
          cheibrodos_lair_reptile_den, uniq_urug
Lair:3:   layout_cellular_growth, nicolae_spider_entry_lesser_pyramids,
          chequers_serial_rivers_small_b, serial_bayou_pond_a, uniq_rupert
Lair:4:   minmay_guarded_unrand_snakebite, layout_cave_pods,
          minmay_lair_drake_nest
Lair:5:   wormcave, layout_layer_cave, hangedman_lair_in_review,
          nicolae_slime_entry_field_trip, grunt_forest_small_clearing_treed
Slime:1:  layout_caves
Slime:2:  layout_caves

Skill      XL: |  1  2  3  4  5  6  7  8  9 10 11 12 13 |
---------------+----------------------------------------+-----
Long Blades    | 3 |  3.2
Unarmed Combat | 1 2 3 4 5 7 8 9 10 11 | 11.2
Armour         | 1 2 3 4 5 6 8 9 10 11 | 11.1
Fighting       | 4 5 7 8 9 10 11 12 | 12.5
Shields        | 2 4 6 7 9 |  9.9
Spellcasting   | |  1.0
Fire Magic     | |  2.6

Action                     |  1- 3 |  4- 6 |  7- 9 | 10-12 | 13-15 || total
---------------------------+-------+-------+-------+-------+-------++-------
  Melee: Falchion          |    88 |   155 |     7 |       |       ||   250
         Headbutt          |     4 |    30 |    69 |   168 |    61 ||   332
         Punch             |       |     2 |     6 |       |       ||     8
         Kick              |       |    11 |   119 |   237 |    99 ||   466
         Unarmed           |       |       |   380 |   738 |   187 ||  1305
         Tailslap          |       |       |    59 |   114 |    40 ||   213
  Throw: Boomerang         |    10 |    16 |    34 |     1 |       ||    61
         Dart              |       |       |     8 |    12 |    12 ||    32
 Invoke: Foxfire Swarm     |       |       |     3 |       |       ||     3
         Fiery Armour      |       |       |     1 |       |     1 ||     2
  Evoke: Wand              |       |       |     1 |     4 |     4 ||     9
    Use: Scroll            |     8 |     1 |    13 |     7 |     1 ||    30
         Potion            |       |       |     1 |     5 |     6 ||    12
   Stab: Petrified         |       |       |       |       |     3 ||     3
 Armour: Ring mail         |    34 |    43 |    33 |       |       ||   110
         Chain mail        |       |       |   100 |       |       ||   100
         Plate armour      |       |       |    14 |   360 |    69 ||   443
  Dodge: Dodged            |    52 |    60 |    84 |   111 |    21 ||   328
  Block: Other             |       |    41 |    61 |       |       ||   102
         Reflection        |       |     1 |     5 |     2 |       ||     8
         Buckler           |       |       |   153 |   505 |       ||   658
         Kite shield       |       |       |       |    90 |   155 ||   245

Table legend: (Time is in decaauts)
 A = Elapsed time spent in this place.
 B = Non-inter-level travel time spent in this place.
 C = Inter-level travel time spent in this place.
 D = Time resting spent in this place.
 E = Time spent auto-exploring this place.
 F = Levels seen in this place.
 G = Mean time per level.
                   A        B        C        D        E       F      G
               +--------+--------+--------+--------+--------+-----+--------+
         Total |  18591 |  17770 |    821 |   1377 |  12688 |  19 |  978.5 |
       Dungeon |  11055 |  10592 |    463 |    246 |   8381 |  11 | 1005.0 |
        Temple |    184 |    176 |      8 |      0 |    166 |   1 |  184.0 |
          Lair |   6785 |   6441 |    344 |    821 |   4074 |   5 | 1357.0 |
    Slime Pits |    567 |    563 |      4 |    310 |     66 |   2 |  283.5 |
               +--------+--------+--------+--------+--------+-----+--------+

Top non-repeatable levels by time:
  Lair:2: 1645 daAuts
  Lair:1: 1571 daAuts
  Lair:4: 1503 daAuts
    D:10: 1440 daAuts
     D:5: 1424 daAuts
     D:6: 1384 daAuts
     D:8: 1323 daAuts
  Lair:3: 1225 daAuts
     D:4: 1081 daAuts
     D:7: 1061 daAuts
     D:9: 1049 daAuts
     D:1: 986 daAuts
  Lair:5: 840 daAuts
     D:2: 669 daAuts
     D:3: 584 daAuts
